 Dungeon Crawl Stone Soup version 0.26.1-11-gd32895ea62 (webtiles) character file.

Game seed: 5287770661259342982

15594 Azunone the Basher (level 12, -5/130 HPs)
             Began as a Troll Chaos Knight on May 30, 2021.
             Was an Elder of Dithmenos.
             Slain by a boulder beetle (26 damage)
             ... on level 12 of the Dungeon on June 4, 2021.
             The game lasted 00:41:00 (12391 turns).

Azunone the Basher (Troll Chaos Knight)            Turns: 12391, Time: 00:41:02

Health: -5/130     AC: 13    Str: 27    XL:     12   Next: 2%
Magic:  11/11      EV: 18    Int:  6    God:    Dithmenos [****..]
Gold:   1300       SH:  0    Dex: 13    Spells: 11/11 levels left

rFire    . . .     SeeInvis +   E - +2 quarterstaff (spect)
rCold    . . .     Faith    .   (shield currently unavailable)
rNeg     . . .     Spirit   .   q - +0 troll leather armour {Purgy}
rPois    .         Reflect  .   (helmet restricted)
rElec    +         Harm     .   x - +0 cloak
rCorr    .         Rampage  .   (gloves unavailable)
Will     .....     Clarity  +   (boots unavailable)
Stlth    +.........             F - amulet of magic regeneration
HPRegen  1.11/turn              v - ring of see invisible
MPRegen  0.37/turn              e - +4 ring of evasion

@: wreathed by umbra
A: large, unfitting armour, claws 3, fangs 1, icy blue scales 1, iridescent
scales 1, agile 2, blink, clarity, dopey 1, regeneration 1, robust 1, screaming
1, shaggy fur 1, electricity resistance, tough skin 3, wild magic 1, MP-powered
wands
a: Blink, Renounce Religion, Shadow Step


You were on level 12 of the Dungeon.
You worshipped Dithmenos.
Dithmenos was greatly pleased with you.
You visited 2 branches of the dungeon, and saw 13 of its levels.
You also visited: Sewer and Ossuary.

You collected 1300 gold pieces.


Innate Abilities, Weirdness & Mutations

You are too large for most types of armour.
You have claws for hands.
Your natural rate of healing is unusually fast.
You are covered in fur. (AC +1)
You have extremely tough skin. (AC +3)
You have very sharp teeth.
You are partially covered in icy blue scales. (AC +2)
You are partially covered in iridescent scales. (AC +2)
You are very agile. (Dex +4)
You can translocate small distances at will.
You possess an exceptional clarity of mind.
You are dopey. (Int -2)
You are robust. (+10% HP)
You occasionally shout uncontrollably at your foes.
You are resistant to electric shocks. (rElec)
Your spells are a little harder to cast, but a little more powerful.
You expend magic power (3 MP) to strengthen your wands.


   Skills:
 + Level 8.0 Fighting
 + Level 8.9 Maces & Flails
 + Level 7.7 Throwing
 + Level 7.9 Dodging
 + Level 6.4 Evocations


You had 11 spell levels left.
You didn't know any spells.
Your spell library contained the following spells:

 Spells                   Type           Power        Failure   Level
 Magic Dart               Conj           0%           58%         1
 Searing Ray              Conj           0%           71%         2
 Dazzling Flash           Conj/Hex       0%           90%         3
 Fulminant Prism          Conj/Hex       0%           100%        4
 Iskenderun's Mystic Bla  Conj/Tloc      0%           100%        4

Inventory:

Hand Weapons
 a - a +2 quarterstaff of draining
   (You found it on level 8 of the Dungeon)
 s - a +1 whip of draining
   (You took it off a kobold on level 3 of the Dungeon)
 y - a +0 morningstar
   (You found it on level 4 of the Dungeon)
 D - a +0 giant spiked club
   (You took it off an ogre on level 6 of the Dungeon)
 E - a +2 spectral quarterstaff (weapon)
   (You took it off an orc warrior on level 7 of the Dungeon)
 K - a +0 vorpal quarterstaff
   (You found it on level 11 of the Dungeon)
 P - a +2 whip of flaming
   (You found it on level 7 of the Dungeon)
 V - the +9 longbow "Vohymoet" {venom, rF+ rN+ Int+6, unknown}
   (You found it on level 8 of the Dungeon)

   It poisons the ammo it fires.
   It affects your intelligence (+6).
   It protects you from fire.
   It protects you from negative energy.
Missiles
 f - 54 poisoned darts
 l - 9 curare-tipped darts {=f=f}
 C - 8 silver boomerangs
 T - 4 javelins
 U - 5 throwing nets {=f!f=f!f}
 X - 11 boomerangs
Armour
 q - a +0 troll leather armour (worn) {Purgy}
   (You found it in a sewer)
 x - a +0 cloak (worn)
   (You found it on level 3 of the Dungeon)
Magical Staves
 o - an uncursed staff of conjuration {!a!a, unknown}
   (You found it on level 12 of the Dungeon)
 W - an uncursed staff of cold {!a!a}
   (You took it off an orc on level 8 of the Dungeon)
Jewellery
 b - an uncursed ring of poison resistance {unknown}
   (You found it on level 9 of the Dungeon)
 e - a +4 ring of evasion (right claw)
   (You found it on level 6 of the Dungeon)
 v - a ring of see invisible (left claw)
   (You took it off a goblin on level 4 of the Dungeon)
 F - an amulet of magic regeneration (around neck)
   (You found it on level 6 of the Dungeon)
Wands
 I - a wand of flame (32)
   (You found it on level 6 of the Dungeon)
 Q - a wand of disintegration (25)
   (You found it on level 7 of the Dungeon)
 Y - a wand of polymorph (4)
   (You found it on level 11 of the Dungeon)
Scrolls
 d - 7 scrolls of amnesia {unknown}
 h - 4 scrolls of blinking {unknown}
 i - 7 scrolls of random uselessness {unknown}
 m - 4 scrolls of teleportation {unknown}
 p - 2 scrolls of enchant weapon {unknown}
 r - 2 scrolls of fear
 w - 3 scrolls of magic mapping {unknown}
 A - 7 scrolls of remove curse {unknown}
 G - 4 scrolls of enchant armour {unknown}
 H - 2 scrolls of immolation {!r!r!r!r}
 N - 2 scrolls of noise {unknown}
 O - 3 scrolls of vulnerability {!r!r!r!r}
 R - a scroll of torment {!r!r}
Potions
 c - 3 potions of lignification {!q!q}
 g - 2 potions of resistance
 j - a potion of ambrosia
 k - 9 potions of degeneration {!q!q}
 n - 4 potions of mutation {!q!q}
 t - 8 potions of curing {@q1@q1}
 u - 5 potions of flight
 z - a potion of invisibility
 B - a potion of brilliance
 J - 2 potions of might
 L - 3 potions of attraction {!q!q}
 M - 2 potions of berserk rage {!q!q}
 S - a potion of cancellation

Dungeon Overview and Level Annotations

Branches:
Dungeon (12/15)            Temple (1/1) D:7            Lair (0/6) D:8
    Orc (0/2) D:10          Sewer (visited)         Ossuary (visited)

Altars:
Ashenzari
Cheibriados
Dithmenos
Elyvilon
Fedhas
Gozag
Hepliaklqana
Kikubaaqudgha
Makhleb
Nemelex Xobeh
Okawaru
Qazlal
Ru
Sif Muna
Trog
Uskayaw
Vehumet
Wu Jian
Xom
Yredelemnul
Zin
The Shining One
Beogh

Shops:
D:4

} #.#.# #.# #...# ....# #.# ###.#
#.#####.# #.# #...†...# #)# #
######### #.#####.# #.....#.#
#####'#.# ######....####
#########.^@##.......#
#.......'..(B....###.#
#.#######...#[...# #
######'#.....'...#....#
.........##..#...#....#
.........'...#.....#....
.........###)#######.####
.....................#
############.####################


You could see a boulder beetle and a friendly +2 spectral quarterstaff
(summoned).


Message History

There is an open door here.
There is an open door here.
There is an open door here.
You see here a +1 short sword of distortion {!w!w}.
You see here a yak skeleton.
There is an open door here.
There is an open door here.
You shout at the boulder beetle!
A boulder beetle comes into view. 😎 HP[+25]
Your hp is fully restored (130).
There is an open door here.
The boulder beetle barely misses you.
You hit the boulder beetle.
You draw out your weapon's spirit!
The boulder beetle barely misses you.
You hit the boulder beetle but do no damage.
Your spectral weapon hits the boulder beetle.
The boulder beetle bites you!! 😕 HP[-18]
You take 18 damage, and now have 112/130 hp.
You hit the boulder beetle but do no damage.
Your spectral weapon hits the boulder beetle but does no damage.
The boulder beetle waves its antennae.
The boulder beetle completely misses you. 😕 HP[+1] Unknown command.
You hit the boulder beetle but do no damage.
Your spectral weapon hits the boulder beetle but does no damage.
The boulder beetle closely misses you. 😕 HP[+2]
You regained 2 hp, and now have 115/130 hp.
You sock the boulder beetle!
Your spectral weapon hits the boulder beetle but does no damage.
The boulder beetle closely misses you. 😕 HP[+1]
You hit the boulder beetle but do no damage.
Your spectral weapon hits the boulder beetle but does no damage.
The boulder beetle bites you!! 😮 HP[-23]
You take 23 damage, and now have 93/130 hp.
You are too injured to fight recklessly!
Unknown command.
You are too injured to fight recklessly!
You are too injured to fight recklessly!
You are too injured to fight recklessly!
Unknown command.
You thump the boulder beetle!
Your spectral weapon hits the boulder beetle but does no damage.
The boulder beetle bites you. 😮 HP[-1]
You take 1 damage, and now have 92/130 hp.
You barely miss the boulder beetle.
Your spectral weapon hits the boulder beetle!
The boulder beetle bites you!! 😮 HP[-19]
You take 19 damage, and now have 73/130 hp.
You hit the boulder beetle but do no damage.
Your spectral weapon hits the boulder beetle but does no damage.
The boulder beetle barely misses you. 😮 HP[+2]
You regained 2 hp, and now have 75/130 hp.
You sock the boulder beetle!
Your spectral weapon hits the boulder beetle.
The boulder beetle bites you!!
* * * LOW HITPOINT WARNING * * *
The boulder beetle leaps! 😨 HP[-19]
You take 19 damage, and now have 56/130 hp.
Unknown command. 😨 HP[+1] 😨 HP[+1]
You swap places.
The boulder beetle bites you!!
* * * LOW HITPOINT WARNING * * *
😨 HP[-25]
You take 25 damage, and now have 33/130 hp.
You hit the boulder beetle.
Your spectral weapon hits the boulder beetle!
The boulder beetle leaps! 😨 HP[+1]
There is an open door here. 😨 HP[+1] 😨 HP[+1] 😨 HP[+2]
You regained 2 hp, and now have 38/130 hp.
You swap places.
The boulder beetle curls into a ball and begins rolling! 😨 HP[+1] 😨 HP[+1]
You hit the boulder beetle but do no damage.
Your spectral weapon hits the boulder beetle but does no damage.
The boulder beetle hits you!!
* * * LOW HITPOINT WARNING * * *
The boulder beetle stops rolling and uncurls. 😱 HP[-20]
You take 20 damage, and now have 20/130 hp.
You hit the boulder beetle but do no damage.
Your spectral weapon hits the boulder beetle but does no damage.
The boulder beetle bites you!!
You die...
Xom snickers!

Skill      XL: |  1  2  3  4  5  6  7  8  9 10 11 |
---------------+----------------------------------+-----
Dodging        | 2 3 4 5 6 7 |  7.9
Maces & Flails | 3 4 5 6 7 8 |  8.9
Fighting       | 3 4 5 6 7 8 |  8.0
Throwing       | 1 2 4 5 6 7 |  7.7
Evocations     | 1 2 3 4 5 6 |  6.4

Action                   |  1- 3 |  4- 6 |  7- 9 | 10-12 || total
-------------------------+-------+-------+-------+-------++-------
Melee: Mace              |    26 |       |       |       ||    26
       Short sword       |    50 |       |       |       ||    50
       Whip              |    13 |   306 |   489 |    86 ||   894
       Bite              |     3 |    33 |    80 |   103 ||   219
       Quarterstaff      |       |       |       |   588 ||   588
Evoke: Wand              |       |       |     2 |     6 ||     8
  Use: Scroll            |       |       |    14 |     4 ||    18
       Potion            |       |       |     2 |     9 ||    11
 Stab: Sleeping          |       |     1 |       |       ||     1
       Paralysed         |       |       |     3 |       ||     3
       Confused          |       |       |     2 |       ||     2
       Distracted        |       |       |       |     4 ||     4
Armor: Robe              |    38 |   217 |    30 |       ||   285
       Troll leather arm |       |       |   145 |   196 ||   341
Dodge: Dodged            |    45 |   226 |   218 |   697 ||  1186

Levels and vault maps discovered:
D:1:      dpeg_arrival_fog, layout_basic, skrybe_limestone_x, st_stairs_10
D:2:      layout_loops_ring, grunt_temple_overflow_holy_war,
          lightli_temple_of_fire, kiku_gazebo_garden_becter
D:3:      kb_forest_paths, layout_basic, grunt_temple_overflow_gold_and_silver,
          gammafunk_temple_overflow_forgotten, overflow_temple_1_default,
          gammafunk_ghost_cemetery
D:4:      minmay_goblin_kobold_castle, layout_basic, serial_shops, shop,
          minmay_surrounded
D:5:      layout_loops_ring, marbit_many_paths, gup_sewer_entry_bowl,
          grunt_ministairs_14, uniq_eustachio
D:6:      layout_basic, chequers_serial_rivers_micro_c, kennysheep_crisscross,
          kennysheep_small_spiral, minmay_misc_feat_more_columns, uniq_duvessa
D:7:      layout_rooms, minmay_temple_entry_junction_2,
          gup_ossuary_entry_pyramid, minmay_the_grid_2x2 [minmay_the_grid_fan,
          minmay_the_grid_paths, minmay_the_grid_zigzag_pyramid,
          minmay_the_grid_prize_big_room], uniq_pikel, uniq_maggie, uniq_joseph,
          uniq_harold
D:8:      layout_rooms, overflow_temple_1_default, dpeg_oklobed_lair,
          serial_undead, serial_undead_f, serial_undead_e, serial_undead_f,
          serial_undead_d, serial_undead_e
D:9:      minmay_goldmine, layout_loops_ring
D:10:     layout_cave_pools, minmay_orc_entry_temple_small, special_room
          [special_room_orc]
D:11:     layout_stronghold
D:12:     layout_basic, uniq_snorg, uniq_sonja
Temple:   cyrus_temple_forest

Notes
Turn   | Place    | Note
-------+----------+-------------------------------------------
     0 | D:1      | Azunone the Troll Chaos Knight began the quest for the Orb.
     0 | D:1      | Reached XP level 1. HP: 22/22 MP: 0/0
     0 | D:1      | magus.rc [v1.10.1]
    21 | D:1      | Reached skill level 2 in Dodging
   180 | D:1      | Reached XP level 2. HP: 29/29 MP: 1/1
   307 | D:1      | Reached skill level 3 in Maces & Flails
   655 | D:1      | XOM: give mutations
   655 | D:1      | Gained mutation: You are partially covered in iridescent
                  | scales. (AC +2) [Xom's grace]
   655 | D:1      | Gained mutation: You are partially covered in rugged brown
                  | scales. (AC +1, +3% HP) [Xom's grace]
   675 | D:1      | XOM: give mutations
   675 | D:1      | Gained mutation: You are dopey. (Int -2) [Xom's mischief]
   675 | D:1      | Lost mutation: You are partially covered in rugged brown
                  | scales. (AC +1, +3% HP) [Xom's mischief]
   675 | D:1      | Gained mutation: Scrolls take you a little longer to read.
                  | [Xom's mischief]
   675 | D:1      | Gained mutation: You are resistant to electric shocks.
                  | (rElec) [Xom's mischief]
   963 | D:2      | Reached XP level 3. HP: 36/36 MP: 2/2
   967 | D:2      | Found an ancient bone altar of Kikubaaqudgha.
  1091 | D:2      | XOM: cloud trail
  1275 | D:2      | Found a bloodstained altar of Trog.
  1348 | D:2      | Reached skill level 3 in Fighting
  1405 | D:2      | XOM: give mutations
  1405 | D:2      | Gained mutation: You occasionally shout uncontrollably at
                  | your foes. [Xom's mischief]
  1405 | D:2      | Lost mutation: Scrolls take you a little longer to read.
                  | [Xom's mischief]
  1474 | D:2      | Found a glowing golden altar of the Shining One.
  1476 | D:2      | Noticed an angel
  1483 | D:2      | Found a basalt altar of Yredelemnul.
  1485 | D:2      | Noticed a profane servitor
  1548 | D:2      | XOM: give mutations
  1548 | D:2      | Gained mutation: Your spells are a little harder to cast,
                  | but a little more powerful. [Xom's grace]
  1548 | D:2      | Gained mutation: You are robust. (+10% HP) [Xom's grace]
  1548 | D:2      | Gained mutation: You are agile. (Dex +2) [Xom's grace]
  1548 | D:2      | Gained mutation: You can translocate small distances at
                  | will. [Xom's grace]
  1603 | D:2      | XOM: give mutations
  1603 | D:2      | Gained mutation: You are very agile. (Dex +4) [Xom's grace]
  1603 | D:2      | Gained mutation: You possess an exceptional clarity of
                  | mind. [Xom's grace]
  1603 | D:2      | Gained mutation: You have very sharp teeth. [Xom's grace]
  1752 | D:3      | XOM: 6-stop teleportation journey
  1888 | D:3      | XOM: fog
  1894 | D:3      | Reached XP level 4. HP: 44/49 MP: 3/3
  2035 | D:3      | XOM: give mutations
  2035 | D:3      | Gained mutation: You expend magic power (3 MP) to
                  | strengthen your wands. [Xom's grace]
  2035 | D:3      | Gained mutation: You are partially covered in icy blue
                  | scales. (AC +2) [Xom's grace]
  2154 | D:3      | Found a glowing silver altar of Zin.
  2155 | D:3      | Found an opulent altar of Gozag.
  2228 | D:3      | Found an ornate altar of the Wu Jian Council.
  2340 | D:3      | Found a runed translucent gate.
  2340 | D:3      | Found a runed translucent gate.
  2340 | D:3      | Found a runed translucent gate.
  2340 | D:3      | Noticed Descartes's ghost (amateur FeCK)
  2342 | D:3      | Noticed Almogavar's ghost (amateur GrEE)
  2415 | D:3      | Found a broken altar of Ashenzari.
  2500 | D:3      | magus.rc [v1.10.1]
  2700 | D:3      | Found a stormy altar of Qazlal.
  2706 | D:3      | Found a burning altar of Makhleb.
  2917 | D:4      | Found Tuosh's Gadget Shoppe.
  2949 | D:4      | Reached skill level 3 in Dodging
  3066 | D:4      | Reached XP level 5. HP: 58/58 MP: 4/4
  3202 | D:4      | XOM: scenery: 1 doors close
  3271 | D:4      | Reached skill level 4 in Maces & Flails
  3562 | D:4      | Reached XP level 6. HP: 65/67 MP: 5/5
  3566 | D:4      | XOM: fake destruction
  3567 | D:4      | XOM: fog
  3605 | D:4      | XOM: swap monsters
  3615 | D:4      | Reached skill level 1 in Throwing
  3620 | D:4      | Reached skill level 1 in Evocations
  3642 | D:4      | XOM: stat loss: -1 Str (22/23)
  3812 | D:4      | XOM: 3-stop teleportation journey
  3831 | D:4      | XOM: 1-stop teleportation journey
  3879 | D:4      | Reached XP level 7. HP: 74/74 MP: 6/6
  3896 | D:4      | XOM is BORED!
  3896 | D:4      | XOM: draining
  4000 | D:4      | Reached skill level 4 in Fighting
  4000 | D:4      | XOM: scenery: summon butterflies
  4020 | D:4      | XOM: polymorph butterfly -> killer bee
  4227 | D:5      | Entered Level 5 of the Dungeon
  4281 | D:5      | Reached skill level 2 in Throwing
  4411 | D:5      | XOM: cloud trail
  4462 | D:5      | Found a glowing drain.
  4466 | Sewer    | Entered a sewer
  4484 | Sewer    | Noticed Purgy
  4491 | Sewer    | XOM: cleaving
  4499 | Sewer    | Killed Purgy
  4500 | Sewer    | Reached skill level 4 in Dodging
  4647 | Sewer    | XOM: god gift: 3 silver boomerangs
  4778 | D:5      | Found an iron altar of Okawaru.
  4822 | D:5      | Reached skill level 2 in Evocations
  4851 | D:5      | XOM: scenery: 1 doors close
  5011 | D:5      | XOM: cast spell 'Cause Fear'
  5053 | D:5      | Noticed Eustachio
  5058 | D:5      | XOM: cast spell 'Cause Fear'
  5089 | D:5      | Killed Eustachio
  5090 | D:5      | Reached skill level 5 in Maces & Flails
  5090 | D:5      | Reached XP level 8. HP: 86/86 MP: 7/7
  5097 | D:5      | Reached skill level 3 in Throwing
  5403 | D:6      | XOM: cast spell 'Leda's Liquefaction'
  5566 | D:6      | You pick up a book of Conjurations and begin reading...
  5566 | D:6      | You add the spells Magic Dart, Searing Ray, Dazzling Flash,
                  | Fulminant Prism and Iskenderun's Mystic Blast to your
                  | library.
  5643 | D:6      | XOM: divination: magic mapping
  5650 | D:6      | XOM: summons friendly quasit
  5656 | D:6      | Reached skill level 5 in Fighting
  5656 | D:6      | Reached skill level 5 in Dodging
  5656 | D:6      | Reached skill level 3 in Evocations
  5849 | D:6      | Reached skill level 4 in Throwing
  5849 | D:6      | Reached XP level 9. HP: 80/96 MP: 8/8
  5876 | D:6      | Noticed Duvessa
  5876 | D:6      | Noticed Dowan
  5885 | D:6      | Killed Duvessa
  5896 | D:6      | Killed Dowan
  6144 | D:5      | XOM: god gift: ring mail {god gift}
  6337 | D:3      | XOM: enchant monster (good)
  6343 | D:3      | XOM: cast spell 'Disjunction'
  6348 | D:3      | Killed Almogavar's ghost
  6349 | D:3      | Reached skill level 6 in Maces & Flails
  6354 | D:3      | XOM: scenery: 5 doors close
  6374 | D:3      | Killed Descartes's ghost
  6430 | D:3      | XOM: noise
  6538 | D:7      | XOM: enchant monster (good)
  6538 | D:7      | Noticed Joseph
  6553 | D:7      | XOM: scenery: summon butterflies
  6554 | D:7      | XOM: enchant monster (good)
  6557 | D:7      | Killed Joseph
  6571 | D:7      | XOM: fog
  6575 | D:7      | Noticed Maggie
  6578 | D:7      | XOM: smoke on damage
  6589 | D:7      | Killed Maggie
  6589 | D:7      | XOM: divine lightning
  6590 | D:7      | Reached skill level 4 in Evocations
  6605 | D:7      | XOM: enchant monster (good)
  6612 | D:7      | Found a staircase to the Ecumenical Temple.
  6660 | D:7      | Found a sand-covered staircase.
  6666 | D:7      | XOM: cleaving
  6675 | Ossuary  | Entered an ossuary
  6792 | Ossuary  | Reached skill level 5 in Throwing
  6819 | Ossuary  | XOM: summons friendly ufetubus
  6956 | D:7      | XOM: confuse monster(s)
  6958 | D:7      | Noticed Pikel
  6969 | D:7      | XOM: enchant monster (good)
  6970 | D:7      | XOM: scenery: 1 doors close
  6988 | D:7      | XOM: scenery: 1 doors open
  6995 | D:7      | Killed Pikel
  6996 | D:7      | Reached skill level 6 in Fighting
  7065 | Temple   | Entered the Ecumenical Temple
  7136 | Temple   | Fell from the grace of Xom
  7136 | Temple   | Became a worshipper of Dithmenos the Shadowed
  7254 | D:7      | Reached XP level 10. HP: 107/107 MP: 9/9
  7259 | D:7      | Noticed an unseen horror
  7265 | D:7      | Reached skill level 6 in Dodging
  7306 | D:7      | Killed an unseen horror
  7307 | D:7      | Reached skill level 7 in Maces & Flails
  7506 | D:7      | XOM: stat loss: -2 Str (23/25)
  7526 | D:7      | Noticed Harold
  7544 | D:7      | Killed Harold
  7616 | D:7      | Reached skill level 6 in Throwing
  7969 | D:8      | Reached skill level 5 in Evocations
  8006 | D:8      | Reached * piety under Dithmenos
  8030 | D:8      | Found a staircase to the Lair.
  8049 | D:8      | Found a shimmering blue altar of Sif Muna.
  8071 | D:8      | Got a shimmering longbow
  8316 | D:8      | XOM: summons 3 hostile shadow creatures
  8570 | D:9      | XOM: cloud trail
  8876 | D:9      | Reached ** piety under Dithmenos
  9157 | D:9      | Reached skill level 7 in Fighting
  9379 | D:10     | Entered Level 10 of the Dungeon
  9419 | D:10     | Reached XP level 11. HP: 115/119 MP: 10/10
  9570 | D:10     | Found a staircase to the Orcish Mines.
  9574 | D:10     | Reached skill level 7 in Dodging
  9578 | D:10     | Reached skill level 8 in Maces & Flails
  9675 | D:10     | XOM: blink monster(s)
  9698 | D:10     | Reached *** piety under Dithmenos
  9867 | D:10     | Found a roughly hewn altar of Beogh.
  9879 | D:10     | XOM: enchant monster (bad)
  9967 | D:10     | HP: 28/119 [orc warrior/+0 trident (17)]
  9977 | D:10     | HP: 28/119 [orc warrior/+0 trident (6)]
 10216 | D:11     | XOM: 8-stop teleportation journey
 10822 | D:11     | Noticed a two-headed ogre
 10839 | D:11     | Killed a two-headed ogre
 10840 | D:11     | Reached skill level 7 in Throwing
 11115 | D:12     | Noticed a green ugly thing
 11130 | D:12     | Killed a green ugly thing
 11504 | D:12     | Noticed Snorg
 11507 | D:12     | Noticed a green ugly thing
 11514 | D:12     | Killed Snorg
 11515 | D:12     | Reached skill level 6 in Evocations
 11524 | D:12     | Killed a green ugly thing
 11588 | D:12     | Noticed Sonja
 11630 | D:12     | HP: 29/121 [yak (4)]
 11952 | D:12     | Reached **** piety under Dithmenos
 11957 | D:12     | Killed Sonja
 11959 | D:12     | Reached skill level 8 in Fighting
 11968 | D:12     | HP: 26/122 [yak (14)]
 11971 | D:12     | Reached XP level 12. HP: 25/130 MP: 11/11
 12084 | D:12     | XOM: silly message
 12367 | D:12     | Noticed a boulder beetle
 12390 | D:12     | HP: 20/130 [boulder beetle (21)]
 12391 | D:12     | Slain by a boulder beetle

Vanquished Creatures
  Snorg (D:12)
  Harold (D:7)
  A two-headed ogre (D:11)
  Sonja (D:12)
  Pikel (D:7)
  2 ugly things (D:12)
  Joseph (D:7)
  A gargoyle (D:12)
  A troll (D:7)
  A shadow (D:7)
  A vampire (D:12)
  The ghost of Almogavar the Digger, an amateur GrEE (D:3)
  13 yaks (D:12)
  2 wraiths (D:10)
  The ghost of Descartes the Ducker, an amateur FeCK of Xom (D:3)
  Eustachio (D:5)
  An acid dragon (D:7)
  Duvessa (D:6)
  Purgy (Sewer)
  A water moccasin (D:7)
  An eye of draining (D:10)
  3 ice beasts
  A sky beast (D:7)
  10 orc warriors
  A black bear (D:7)
  10 ogres
  2 necrophages (D:8)
  3 centaurs
  2 big kobolds (D:4)
  6 bullfrogs
  2 wyvern zombies
  Dowan (D:6)
  2 scorpions
  6 killer bees (D:12)
  2 wights (D:8)
  4 howler monkeys
  6 centaur zombies
  A human zombie (Ossuary)
  A jelly (D:6)
  A quasit (D:12)
  9 hounds
  3 bullfrog skeletons
  2 bullfrog zombies
  5 orc priests
  11 orc wizards
  3 iguanas
  4 worker ants
  A killer bee zombie (D:6)
  2 big kobold zombies (Ossuary)
  A hound zombie (D:8)
  A hound skeleton (D:7)
  6 mummies
  A howler monkey zombie (D:2)
  7 gnolls (D:4)
  A worker ant zombie (D:8)
  16 adders
  A shadow imp (D:8)
  A white imp (D:7)
  3 ufetubi
  An adder zombie (D:8)
  3 adder skeletons
  5 worms
  2 dart slugs (D:1)
  7 leopard geckos
  36 orcs
  5 giant cockroaches
  34 goblins
  36 hobgoblins
  17 jackals
  2 quokkas
  7 bats
  5 frilled lizards
  3 goblin zombies (Ossuary)
  A jackal skeleton (D:5)
  14 kobolds
  A kobold zombie (Ossuary)
  A leopard gecko zombie (D:5)
  A quokka skeleton (D:9)
  6 rats
364 creatures vanquished.

Vanquished Creatures (collateral kills)
  A centaur zombie (D:6)
  2 lemures (D:7)
3 creatures vanquished.

Vanquished Creatures (others)
  An unseen horror (D:7)
  Maggie (D:7)
  A big kobold (D:7)
  A plant (D:8)
4 creatures vanquished.

Grand Total: 371 creatures vanquished

Table legend:
 A = Non-vault XP
 B = Vault XP
 C = Vault XP percentage of total XP
 D = Non-vault monster count
 E = Vault monster count
 F = Vault count percentage of total count
                 A         B        C        D         E       F
            +---------+---------+-------+---------+---------+-------
      Total |   12682 |    9596 |  43.1 |     203 |     164 |  44.7
            +---------+---------+-------+---------+---------+-------
        D:1 |      23 |       6 |  20.7 |      13 |       3 |  18.8
        D:2 |      60 |       0 |   0.0 |      15 |       0 |   0.0
        D:3 |      64 |     441 |  87.3 |      23 |       8 |  25.8
        D:4 |     143 |     480 |  77.0 |      11 |      69 |  86.2
        D:5 |     445 |     330 |  42.6 |      13 |       7 |  35.0
        D:6 |    1109 |     228 |  17.1 |      14 |       2 |  12.5
        D:7 |     609 |    4150 |  87.2 |      16 |      15 |  48.4
        D:8 |    1071 |     404 |  27.4 |      25 |       7 |  21.9
        D:9 |     484 |     404 |  45.5 |      12 |      11 |  47.8
       D:10 |    2669 |     846 |  24.1 |      27 |      22 |  44.9
       D:11 |    1082 |       0 |   0.0 |       5 |       0 |   0.0
       D:12 |    4923 |    1935 |  28.2 |      29 |       2 |   6.5
      Sewer |       0 |     158 | 100.0 |       0 |       6 | 100.0
    Ossuary |       0 |     214 | 100.0 |       0 |      12 | 100.0
            +---------+---------+-------+---------+---------+-------

Illustrated notes

Table legend:
 A = Kills in this place as a percentage of kills in entire the game.
 B = Kills by you in this place as a percentage of kills by you in the entire game.
 C = Kills by friends in this place as a percentage of kills by friends in the entire game.
 D = Other kills in this place as a percentage of other kills in the entire game.
 E = Experience gained in this place as a percentage of experience gained in the entire game.
 F = Experience gained in this place divided by the number of levels of this place that you have seen.
                   A       B       C       D       E      F
               +-------+-------+-------+-------+-------+----------------------
         Total | 100.0 | 100.0 | 100.0 | 100.0 | 100.0 | 1485.2
       Dungeon |  95.1 |  95.1 | 100.0 | 100.0 |  98.3 | 1825.5
         Sewer |   1.6 |   1.6 |   0.0 |   0.0 |   0.7 | 158.0
       Ossuary |   3.3 |   3.3 |   0.0 |   0.0 |   1.0 | 214.0
               +-------+-------+-------+-------+-------+----------------------

Table legend: (Time is in decaauts)
 A = Elapsed time spent in this place.
 B = Non-inter-level travel time spent in this place.
 C = Inter-level travel time spent in this place.
 D = Time resting spent in this place.
 E = Time spent auto-exploring this place.
 F = Levels seen in this place.
 G = Mean time per level.
                   A        B        C        D        E       F      G
               +--------+--------+--------+--------+--------+-----+--------+
         Total |  12297 |  11395 |    902 |      0 |   8820 |  15 |  819.8 |
       Dungeon |  11720 |  10874 |    846 |      0 |   8496 |  12 |  976.7 |
        Temple |    132 |     76 |     56 |      0 |     54 |   1 |  132.0 |
         Sewer |    186 |    186 |      0 |      0 |    124 |   1 |  186.0 |
       Ossuary |    257 |    257 |      0 |      0 |    146 |   1 |  257.0 |
               +--------+--------+--------+--------+--------+-----+--------+

Top non-repeatable levels by time:
     D:3: 1510 daAuts
     D:4: 1324 daAuts
    D:12: 1182 daAuts
    D:11: 1020 daAuts
     D:5: 991 daAuts
     D:7: 948 daAuts
     D:9: 914 daAuts
     D:1: 864 daAuts
     D:2: 857 daAuts
    D:10: 822 daAuts
     D:6: 762 daAuts
     D:8: 521 daAuts
 Ossuary: 257 daAuts
   Sewer: 186 daAuts
  Temple: 132 daAuts
